 Dungeon Crawl Stone Soup version 0.18.1-47-g9310371 (webtiles) character file.

252 SlowAndSteady the Chopper (level 6, 0/47 HPs)
             Began as a Human Fighter on June 18, 2016.
             Slain by a giant frog (3 damage)
             ... in a sewer.
             The game lasted 00:05:29 (3149 turns).

SlowAndSteady the Chopper (Human Fighter)           Turns: 3149, Time: 00:05:31

Health: 0/47       AC:  8    Str: 21    XL:     6   Next: 36%
Magic:  6/6        EV:  7    Int:  8    God:
Gold:   104        SH:  9    Dex: 15    Spells: 0 memorised, 5 levels left

rFire  . . .     SeeInvis .     a - +1 war axe
rCold  . . .     Gourm    .     b - +0 scale mail
rNeg   . . .     Faith    .     c - +0 shield
rPois  .         Spirit   .     t - +1 hat
rElec  .         Dismiss  .     (no cloak)
rCorr  .         Reflect  .     l - +0 pair of gloves
SustAt .         Harm     .     (no boots)
MR     .....                    s - amulet of magic regeneration
Stlth  ..........               (no ring)
                                (no ring)

@: mighty, not resistant to hostile enchantments, extremely unstealthy
A: no striking features
a: no special abilities


You were in a sewer.
You were not hungry.

You visited 1 branch of the dungeon, and saw 3 of its levels.
You also visited: Sewer.

You collected 104 gold pieces.

Inventory:

Hand Weapons
 a - a +1 war axe (weapon)
Armour
 b - a +0 scale mail (worn)
 c - a +0 shield (worn)
 l - a +0 pair of gloves (worn)
 m - a +0 chain mail
 t - a +1 hat (worn)
Jewellery
 s - an amulet of magic regeneration (around neck)
Scrolls
 e - a scroll of remove curse
 n - a scroll of noise {unknown}
Potions
 g - a potion of flight {unknown}
 h - a potion of cancellation {unknown}
 i - a potion of invisibility {unknown}
 k - a potion of lignification {unknown}
 p - a potion of ambrosia {unknown}
 q - a potion of magic {unknown}
 r - a potion of berserk rage {unknown}
Comestibles
 f - a bread ration
 j - 2 beef jerkies
 o - a meat ration
 u - a slice of pizza
 v - 2 chunks of flesh


   Skills:
 - Level 3.0 Fighting
 + Level 6.2 Axes
 - Level 3.0 Armour
 - Level 3.0 Shields


You had 5 spell levels left.
You didn't know any spells.

Dungeon Overview and Level Annotations

Branches:
Dungeon (3/15)

Altars:


Message History

You feel very mighty all of a sudden. The giant frog completely misses you.
You block the giant cockroach's attack. The giant frog hits you.
* * * LOW HITPOINT WARNING * * *
Unknown command.
You barely miss the giant frog.
The giant frog is heavily wounded.
You closely miss the giant cockroach.
The giant cockroach is severely wounded.
You block the giant cockroach's attack.
The giant frog hits you but does no damage.
The giant cockroach barely misses you.
Unknown command.
You closely miss the giant frog.
The giant frog is heavily wounded.
You closely miss the giant cockroach.
The giant cockroach is severely wounded.
The giant frog hits you but does no damage.
The giant frog hits you.
You die...

≈##≈≈†##
≈≈≈.≈....≈##††≈##≈≈≈## ≈#≈≈≈≈#
≈.≈.$$$.≈≈≈#≈.≈.#≈≈≈.# ≈#≈≈.≈#
≈.≈≈.s.[.≈≈#.≈≈≈#≈≈.∩# ≈#≈≈≈≈#
≈.≈≈≈≈?≈≈≈.#≈≈≈.#≈≈..#
≈##.≈≈##
≈≈≈≈≈l≈.≈≈≈#.≈≈##.≈≈##
†.#≈≈≈≈##≈≈.≈≈≈≈≈s≈≈#≈≈≈#≈.≈≈#
≈.##..≈≈###≈≈≈≈.#ss##..##≈≈≈##
≈≈≈##≈≈≈†≈#######FF#†≈##≈≈≈≈#
≈.≈≈###≈≈≈†≈≈≈≈.@s##≈≈#≈.≈≈##
#≈≈≈≈≈####≈≈≈≈.≈..#≈..≈≈≈≈##
##.≈≈.≈≈≈#≈∩.#######≈≈≈####
#####≈≈≈.#####≈.≈≈≈#≈≈##
#∩.≈####.≈≈≈≈.≈≈.≈≈####
##≈...≈#########≈≈≈#
###.∩..≈.≈†≈≈.≈≈≈≈#
#####.≈≈†≈≈≈≈≈≈≈#
#############


You could see 2 giant frogs and 4 giant cockroaches.

Vanquished Creatures
  Ijyb (D:2)
  6 adders
  13 oozes
  3 worms (D:2)
  A dart slug (D:1)
  7 giant geckos (Sewer)
  17 ball pythons
  2 bats (D:2)
  13 giant cockroaches
  5 goblins
  7 hobgoblins
  4 jackals (D:2)
  5 kobolds
  A quokka (D:3)
  16 giant newts
  3 rats
104 creatures vanquished.

Notes
Turn   | Place    | Note
--------------------------------------------------------------
     0 | D:1      | SlowAndSteady the Human Fighter began the quest for the Orb.
     0 | D:1      | Reached XP level 1. HP: 18/18 MP: 1/1
   120 | D:1      | Reached XP level 2. HP: 24/24 MP: 2/2
   391 | D:1      | Reached skill level 3 in Axes
   676 | D:2      | Reached XP level 3. HP: 22/29 MP: 3/3
  1162 | D:2      | Noticed Ijyb
  1193 | D:2      | Killed Ijyb
  1193 | D:2      | Reached skill level 4 in Axes
  1193 | D:2      | Reached XP level 4. HP: 28/35 MP: 4/4
  2133 | D:2      | Reached XP level 5. HP: 40/41 MP: 5/5
  2376 | D:3      | Found a glowing drain.
  2411 | Sewer    | Entered a sewer
  2425 | Sewer    | Reached skill level 5 in Axes
  2833 | Sewer    | Reached XP level 6. HP: 39/47 MP: 6/6
  2920 | Sewer    | Reached skill level 6 in Axes
  3147 | Sewer    | HP: 2/47 [giant frog (3)]
  3149 | Sewer    | Slain by a giant frog

Skill      XL: |  1  2  3  4  5  6 |
---------------+-------------------+-----
Axes           | 3 4 5 6 |  6.2
Fighting       | |  3.0
Armour         | |  3.0
Shields        | |  3.0

Action                   |  1- 3 |  4- 6 || total
-------------------------+-------+-------++-------
Melee: War axe           |    96 |   334 ||   430
  Use: Scroll            |     1 |     1 ||     2
       Potion            |       |     1 ||     1
  Eat: Chunk             |       |     8 ||     8
Armor: Scale mail        |    51 |   200 ||   251
Dodge: Dodged            |    20 |    92 ||   112
Block: Shield            |    40 |   198 ||   238
